 Dungeon Sprint DCSS version 0.27-a0-74-gebd156f8b4 (webtiles) character file.

Game seed: 8852750636055678485

163 rocky1 the Blocker (level 5, 0/50 HPs)
             Began as a Deep Dwarf Fighter on Jan 12, 2021.
             Slain by a shadow (3 damage)
             ... in the Dungeon (Sprint III: "The Ten Rune Challenge").
             The game lasted 00:02:26 (322 turns).

rocky1 the Blocker (Deep Dwarf Fighter)              Turns: 322, Time: 00:02:27

Health: 0/50       AC:  8    Str: 20    XL:     5   Next: 20%
Magic:  5/5        EV:  9    Int:  9    God:
Gold:   13         SH: 11    Dex: 12    Spells: 4/4 levels left

rFire    . . .     SeeInvis .   a - +0 war axe
rCold    . . .     Faith    .   c - +0 kite shield
rNeg     . . .     Spirit   .   b - +0 scale mail
rPois    .         Reflect  .   k - +0 helmet
rElec    .         Harm     .   (no cloak)
rCorr    .         Rampage  .   (no gloves)
Will     .....     NoTele   +   (no boots)
Stlth    ..........             (no amulet)
HPRegen  0.00/turn              (no ring)
MPRegen  0.09/turn              (no ring)

@: non-regenerating
A: damage resistance, heal wounds, sense surroundings 1, no regeneration
a: Heal Wounds


You were in the Dungeon.
You visited 1 branch You collected 13 gold pieces.

Inventory:

Hand Weapons
 a - a +0 war axe (weapon)
Armour
 b - a +0 scale mail (worn)
 c - a +0 kite shield (worn)
 k - a +0 helmet (worn)
Scrolls
 g - 2 scrolls of torment {unknown}
 j - a scroll of blinking
 l - 3 scrolls of remove curse
 m - 4 scrolls of identify
Potions
 d - a potion of might
 e - a potion of curing
 f - a potion of heal wounds
 h - 2 potions of magic
 i - a potion of berserk rage
 n - 5 potions of mutation


   Skills:
 + Level 3.6 Fighting
 + Level 7.6 Axes
 + Level 4.4 Armour
 + Level 2.7 Dodging
 + Level 8.0 Shields


You had 4 spell levels left.
You didn't know any spells.
Your spell library contained the following spells:

 Spells                   Type           Power        Failure   Level
 Animate Skeleton         Necr           0%           95%         1
 Apportation              Tloc           0%           95%         1
 Corona                   Hex            0%           95%         1
 Magic Dart               Conj           0%           95%         1
 Summon Small Mammal      Summ           0%           95%         1
 Blink                    Tloc           N/A          99%         2
 Call Imp                 Summ           0%           99%         2
 Slow                     Hex            0%           99%         2
 Conjure Flame            Conj/Fire      0%           100%        3
 Mephitic Cloud           Conj/Pois/Air  0%           100%        3


Dungeon Overview and Level Annotations

Branches:
Dungeon (1/1)

Altars:
Kikubaaqudgha
Sif Muna
Vehumet


Innate Abilities, Weirdness & Mutations

You are resistant to damage.
You can heal yourself by infusing magical energy.
You passively map a small area around you.
You do not regenerate.


Message History

You hit the shadow but do no damage.
The shadow slips into darkness.
The shadow flickers and vanishes!
Deactivating autopickup; reactivate with Ctrl-A.
Your shield and scale mail prevent you from hitting something.
The shadow strikes at you from the darkness!
Ouch! That really hurt!
* * * LOW HITPOINT WARNING * * *
Reactivating autopickup.
You hit the shadow.
The shadow is lightly damaged.
You block the shadow's attack.
You hit the shadow.
The shadow is lightly damaged.
The shadow hits you.
Unknown command.
You slash the shadow!
The shadow is severely damaged.
The shadow hits you. x2
You die...

▓▓▓ * ##.# * ** * *
* ####..# *_ _ *
#..#..# _, _ ,
#..#..###+#+###+##,
##'#..#..........#,
,
###...'.⌠........#
, ,
###...#...######@#
* ##....#.⌠.# #.W.#
* #.....#...#
#...#,, ≈+
......#'### #...#
≈≈ #.....#)).#
#...+ * *
##....#___#_ +...#
*▓▓▓▓▓▓▓▓▓▓ ▓▓▓▓▓*
, , , ** , , ≈≈ * ≈
≈


You could see a shadow.

Vanquished Creatures
  A water elemental (D)
  A jelly (D)
  A wizard (D)
  A kobold demonologist (D)
  A human (D)
  2 oozes (D)
  A phantom (D)
  2 rats (D)
10 creatures vanquished.

Notes
Turn   | Place    | Note
-------+----------+-------------------------------------------
     0 | D        | rocky1 the Deep Dwarf Fighter began the quest for the Orb.
     0 | D        | Reached XP level 1. HP: 20/20 MP: 1/1
    11 | D        | Reached skill level 4 in Shields
    16 | D        | Reached XP level 2. HP: 27/27 MP: 2/2
   195 | D        | Reached skill level 5 in Axes
   195 | D        | Reached skill level 5 in Shields
   195 | D        | Reached XP level 3. HP: 30/33 MP: 3/3
   227 | D        | Noticed a water elemental
   230 | D        | Killed a water elemental
   231 | D        | Reached skill level 7 in Shields
   231 | D        | Reached XP level 4. HP: 40/40 MP: 4/4
   274 | D        | Found a radiant altar of Vehumet.
   274 | D        | Found a shimmering blue altar of Sif Muna.
   274 | D        | Found an ancient bone altar of Kikubaaqudgha.
   274 | D        | Noticed a wizard
   276 | D        | Killed a wizard
   277 | D        | Reached skill level 1 in Dodging
   315 | D        | Reached skill level 8 in Shields
   315 | D        | Reached XP level 5. HP: 44/50 MP: 5/5
   316 | D        | Noticed a shadow
   322 | D        | Slain by a shadow

Illustrated notes

Levels and vault maps discovered:
D:        dungeon_sprint_mu [sprint_mu_entry_cave, sprint_mu_temple_rooms,
          sprint_mu_d1_horrors, sprint_mu_d2_genie, sprint_mu_d3_branching,
          sprint_mu_orc_legion, sprint_mu_elf_gauntlet, sprint_mu_hive_nellie,
          sprint_mu_lair_fedhas, sprint_mu_vaults_butterflies,
          sprint_mu_slime_circle, sprint_mu_shoals_archi,
          sprint_mu_snake_twists, sprint_mu_blade_basic,
          sprint_mu_crypt_chambers, sprint_mu_tomb_spiral,
          sprint_mu_vestibule_basic, sprint_mu_gehenna_hellfire,
          sprint_mu_dis_giant, sprint_mu_tartarus_statrot,
          sprint_mu_cocytus_islands, sprint_mu_zot1]

Skill      XL: |  1  2  3  4 |
---------------+-------------+-----
Axes           | 3 5 6 7 |  7.6
Shields        | 4 5 7 8 |  8.0
Fighting       | 3 |  3.6
Dodging        | 2 |  2.7
Armour         | 4 |  4.4

Action                   |  1- 3 |  4- 6 || total
-------------------------+-------+-------++-------
Melee: War axe           |    40 |    13 ||    53
  Use: Potion            |     2 |     1 ||     3
Armor: Scale mail        |    11 |    15 ||    26
Dodge: Dodged            |     4 |     8 ||    12
Block: Kite shield       |    14 |    10 ||    24

Table legend: (Time is in decaauts)
 A = Elapsed time spent in this place.
 B = Non-inter-level travel time spent in this place.
 C = Inter-level travel time spent in this place.
 D = Time resting spent in this place.
 E = Time spent auto-exploring this place.
 F = Levels seen in this place.
 G = Mean time per level.
                   A        B        C        D        E       F      G
               +--------+--------+--------+--------+--------+-----+--------+
         Total |    328 |    328 |      0 |    143 |      0 |   1 |  328.0 |
       Dungeon |    328 |    328 |      0 |    143 |      0 |   1 |  328.0 |
               +--------+--------+--------+--------+--------+-----+--------+

Top non-repeatable levels by time:
       D: 328 daAuts
